Map: Prion Terraces

Players

Fiend - Winner!

  • Race: Terran Terran
  • League: Platinum

ArcticFox

  • Race: Zerg Zerg
  • League: Platinum

VOD

Have the link to the VOD?

Description

Time

  • Played on: March 27, 2016, 3:59 p.m.
  • Length: 11:44
Show
View Real Time Build Order
Export as new Build Order

Fiend Terran - Winner!

Build Orders: Reaper Expand, Bio Tank 

Get SALT Encoding   

  12  0:00  SCV  
  13  0:13  SCV  
  14  0:17  Supply Depot  
  14  0:25  SCV  
  15  0:30  Refinery  
  15  0:39  SCV  
  16  0:45  Barracks  
  16  0:51  SCV  
  17  1:03  SCV  
  18  1:15  SCV  
  19  1:32  Orbital Command  
  19  1:33  Reaper  
  20  1:44  Command Center  
  20  1:58  Factory  
  20  1:59  SCV  
  21  2:09  Supply Depot  
  21  2:11  SCV  
  22  2:15  Refinery  
  22  2:16  Barracks Reactor  
  22  2:24  SCV  
  23  2:36  SCV  
  24  2:42  Factory Tech Lab  
  24  2:52  Marine x2  
  24  2:56  SCV  
  24  2:57  Starport, Orbital Command  
  27  3:08  SCV, Barracks  
  28  3:15  Siege Tank  
  28  3:18  Marine  
  28  3:19  Marine  
  33  3:20  SCV  
  33  3:25  Supply Depot  
  34  3:28  SCV  
  34  3:32  SCV  
  36  3:36  Marine  
  36  3:37  Medivac  
  36  3:40  SCV  
  40  3:45  SCV  
  40  3:46  Marine  
  40  3:47  Supply Depot  
  42  3:55  SCV  
  42  3:56  Barracks  
  42  3:58  Barracks Tech Lab  
  42  4:01  SCV  
  42  4:02  Marine  
  44  4:05  Siege Tank  
  44  4:08  SCV  
  48  4:10  Marine  
  49  4:17  SCV  
  49  4:19  Marine  
  49  4:20  SCV  
  49  4:22  Supply Depot  
  49  4:24  Starport Reactor  
  52  4:28  Marine  
  52  4:29  SCV, Refinery  
  52  4:30  Marine  
  55  4:32  SCV  
  55  4:33  Stimpack  
  55  4:37  Marine, Widow Mine  
  59  4:40  Refinery  
  59  4:41  SCV  
  59  4:45  Engineering Bay  
  60  4:47  Supply Depot  
  60  4:49  Marine  
  60  4:51  Barracks Reactor  
  61  4:57  Marine x2  
  48  5:07  Marine  
  48  5:13  SCV  
  48  5:14  Marine, SCV  
  51  5:21  Marine  
  52  5:24  Siege Tank  
  56  5:32  Bunker  
  56  5:35  Marine x3  
  57  5:36  Marine  
  57  5:37  SCV  
  57  5:38  Terran Infantry Weapons Level 1, SCV  
  62  5:45  Engineering Bay  
  62  5:51  SCV  
  62  5:53  SCV  
  64  6:01  Supply Depot  
  64  6:03  Marine x2  
  66  6:21  Marine x3  
  66  6:22  Marine x2  
  66  6:23  Siege Tank  
  66  6:25  Medivac  
  76  6:39  Marine x4  
  79  6:44  Terran Infantry Armor Level 1  
  80  6:48  SCV x2  
  80  6:49  Supply Depot  
  82  6:55  Siege Tank  
  82  7:00  Supply Depot  
  82  7:01  Marine  
  86  7:10  Marine x4  
  90  7:19  Marine  
  91  7:27  Siege Tank  
  91  7:28  Marine  
  95  7:33  Marine x3  
  95  7:36  Marine  
  99  7:46  Marine  
  99  7:51  Marine  
  100  7:52  Barracks, Armory  
  100  7:54  Barracks  
  100  7:55  Barracks  
  100  7:58  Supply Depot  
  97  7:59  Siege Tank  
  79  8:14  Marine x5  
  79  8:17  SCV x2  
  84  8:22  Combat Shields  
  84  8:30  Medivac  
  84  8:31  Medivac  
  84  8:32  Marine x2  
  90  8:43  Liberator  
  88  8:57  Siege Tank  
  88  8:59  Medivac  
  96  9:02  Marine  
  96  9:03  Marine x2  
  96  9:04  Barracks Reactor  
  96  9:05  Barracks Reactor x2  
  96  9:07  Terran Infantry Weapons Level 2  
  99  9:36  Marine x5  
  104  9:40  Marine x3  
  104  9:41  Siege Tank  
  110  9:55  Marine  
  110  9:59  Marine  
  110  10:00  Marine  
  110  10:01  Marine  
  110  10:02  Marine x4  
  81  10:21  Marine  
  81  10:22  Marine x8  
  81  10:23  Marine  
  81  10:27  Marine  
  92  10:30  Command Center  
  92  10:32  SCV x2  
  94  10:39  Marine  
  95  10:47  Supply Depot  
  95  10:49  Supply Depot  
  95  10:50  SCV  
  96  11:02  Marine x5  
  96  11:03  Marine  
  87  11:19  Marine x2  
  87  11:20  Marine x3  
Show
View Real Time Build Order
Export as new Build Order

ArcticFox Zerg 

Build Orders: Hatch First 

Get SALT Encoding   

  12  0:01  Drone  
  13  0:08  Drone  
  14  0:17  Drone, Extractor  
  15  0:23  Overlord  
  15  0:42  Drone x2  
  17  0:52  Hatchery  
  17  0:56  Drone  
  17  0:59  Drone  
  18  1:07  Extractor  
  17  1:15  Spawning Pool  
  17  1:17  Drone  
  17  1:20  Drone  
  18  1:27  Drone  
  19  1:39  Overlord  
  19  2:02  Queen  
  19  2:03  Queen  
  19  2:06  Drone x2  
  25  2:09  Drone  
  25  2:13  Zergling x2  
  27  2:16  Zergling x2  
  27  2:21  Drone  
  29  2:25  Metabolic Boost  
  29  2:27  Drone  
  30  2:39  Zergling x4  
  32  2:49  Drone x2  
  34  2:53  Baneling Nest  
  34  2:57  Extractor  
  34  3:02  Drone  
  34  3:03  Drone  
  34  3:07  Pneumatized Carapace  
  34  3:12  Evolution Chamber, Drone x3  
  36  3:15  Overlord x2  
  36  3:35  Zergling x8  
  40  3:46  Drone x3  
  43  4:09  Drone x2  
  46  4:10  Drone x4  
  46  4:14  Spore Crawler  
  46  4:15  Spore Crawler  
  46  4:16  Zergling x2  
  48  4:18  Lair  
  48  4:19  Drone x3  
  48  4:23  Baneling x4  
  48  4:24  Roach Warren  
  50  4:26  Baneling x4  
  50  4:30  Drone x2  
  52  4:35  Overlord x2  
  48  5:08  Zergling x2  
  48  5:09  Zergling x16  
  57  5:16  Baneling x4  
  57  5:19  Glial Reconstitution  
  57  5:20  Roach x2  
  61  5:26  Roach  
  63  5:30  Spine Crawler  
  63  5:32  Spine Crawler  
  63  5:34  Roach  
  62  5:44  Roach x2  
  62  5:46  Overlord x3  
  66  5:51  Hatchery  
  66  5:52  Hatchery  
  64  5:58  Drone x2  
  64  5:59  Drone  
  64  6:03  Spore Crawler x2  
  65  6:08  Extractor  
  64  6:12  Spawning Pool  
  61  6:39  Drone x3  
  64  6:40  Drone, Extractor  
  64  6:41  Drone x2  
  64  6:43  Overlord x5  
  66  7:03  Spire  
  66  7:06  Roach x10  
  85  7:12  Zerg Ground Armor Level 1  
  85  7:16  Evolution Chamber  
  85  7:18  Overseer  
  85  7:20  Overseer  
  84  7:28  Ravager  
  85  7:31  Queen  
  85  7:50  Centrifical Hooks  
  61  8:14  Roach  
  61  8:15  Roach x14  
  61  8:18  Drone x2  
  61  8:19  Queen  
  95  8:26  Zerg Missile Weapons Level 1  
  95  8:53  Zergling x18  
  95  8:54  Zergling x6  
  95  9:03  Ravager  
  95  9:04  Ravager x4  
  100  9:20  Baneling  
  100  9:21  Baneling x8  
  100  9:40  Spore Crawler  
  100  9:42  Baneling x9  
  100  9:43  Baneling  
  100  9:44  Zergling x28  
  100  9:45  Spore Crawler, Zergling x2  
  62  10:22  Zergling x16  
  62  10:23  Zergling x12  
  62  10:27  Extractor x2  
  74  10:31  Drone x3  
  77  10:51  Baneling  
  77  10:52  Baneling x8  
  77  10:54  Drone  
  78  11:01  Drone x3  
  58  11:21  Zergling x2  
  58  11:22  Zergling x18  
Tags
 
Add a new tag
Caveats
  • Supply blocks, unpowered buildings, or Contaminate may cause inaccurate times.
  • Supply counts are checked every 10 seconds.